 Dungeon Crawl Stone Soup version 0.31.0-11-ge490571c62 (webtiles) character file.

Game seed: 8637007578983109270

264 qw the Ducker (level 5, -1/24 (26) HPs)
             Began as a Spriggan Hunter on Feb 3, 2024.
             Slain by a goblin
             ... wielding a +0 club
             ... led by Robin
              (3 damage)
             ... on level 4 of the Dungeon.
             The game lasted 00:00:09 (2866 turns).

qw the Ducker (Spriggan Hunter)                     Turns: 2866, Time: 00:00:10

HP:   -1/24 (26)    AC:  2    Str: 10    XL:     5   Next: 98%
MP:   6/6           EV: 23    Int: 13    God:
Gold: 78            SH:  0    Dex: 27    Spells: 4/4 levels left

rFire   . . .        b - +0 arbalest
rCold   . . .        (shield currently unavailable)
rNeg    . . .        h - +0 robe of Zonekh {Fly rPois Str+3 Int+3}
rPois   +            (helmet restricted)
rElec   .            (no cloak)
rCorr   .            (gloves unavailable)
SInv    +            (boots unavailable)
Will    +....        (no amulet)
Stlth   +++          d - +6 ring of dexterity
HPRegen 0.24/turn    f - ring of willpower
MPRegen 0.10/turn

%: no passive effects
@: flying, drained, very quick
A: very small, no large weapons, unfitting armour, see invisible, speed 3
a: no special abilities


You were on level 4 of the Dungeon.
You visited 1 branch of the dungeon, and saw 4 of its levels.

You collected 132 gold pieces.
You spent 54 gold pieces at shops.


Innate Abilities, Weirdness & Mutations

You are very small and have problems with some larger weapons.
You are too small for most types of armour.
You have supernaturally acute eyesight. (SInv)
You cover ground extremely quickly. (Speed+++)


   Skills:
 - Level 2.0 Fighting
 + Level 5.5 Ranged Weapons
 - Level 6.3 Dodging
 - Level 1.5 Stealth


You had 4 spell levels left.
You didn't know any spells.
Your spell library was empty.

Inventory:

Hand Weapons
 b - a +0 arbalest (weapon)
Armour
 h - the +0 robe of Zonekh (worn) {Fly rPois Str+3 Int+3}
   (You found it on level 3 of the Dungeon)

   Str+3:     It affects your strength (+3).
   Int+3:     It affects your intelligence (+3).
   rPois:     It protects you from poison Fly: It grants you flight.
Jewellery
 d - a +6 ring of dexterity (left hand)
 e - a ring of protection from cold
 f - a ring of willpower (right hand)
Wands
 c - a wand of mindburst (12)
Scrolls
 a - a scroll of fear {unknown}
Potions
 g - a potion of enlightenment {unknown}
 i - a potion of might {unknown}
 k - a potion of curing

Dungeon Overview and Level Annotations

Branches:
Dungeon (4/15)
 Temple: D:4-7

Altars:
Cheibriados
Dithmenos
Elyvilon
Gozag
Kikubaaqudgha

Shops:
D:4 (

Annotations:
D:2 1 runed translucent door, Crazy Yiuf
D:4 Robin


Message History

A goblin comes into view. It is wielding a +0 club.
The goblin misses you.
The goblin moves out of view.
You shoot a bolt. The bolt hits the goblin!!
You kill the goblin!
Robin throws the goblin at you! The goblin completely misses you.
You shoot a bolt. The bolt hits the goblin!
You kill the goblin!
You hear a shout!
The goblin completely misses you.
Robin says, "Kneel, worm!"
A goblin comes into view. It is wielding a +0 dagger. x2
The goblin barely misses you.
You shoot a bolt. The bolt closely misses the goblin.
Robin throws the goblin at you! The goblin hits you with a +0 club.
The goblin hits you with a +0 dagger. x2
You shoot a bolt. The bolt hits the goblin!
You kill the goblin!
Robin roars a battlecry!
The goblins go into a battle-frenzy!
The goblin hits you with a +0 dagger. The goblin closely misses you. x2
The goblin misses you.
You shoot a bolt. The bolt hits the goblin.
The goblin is heavily wounded.
Robin throws the goblin at you! The goblin hits you with a +0 dagger.
The goblin misses you. The goblin closely misses you.
A goblin comes into view. It is wielding a +0 club.
Robin throws the goblin at you! The goblin misses you.
The goblin hits you with a +0 club. The goblin hits you but does no damage.
The goblin misses you.
You shoot a bolt. The bolt closely misses the goblin.
Robin roars a battlecry!
The goblin goes into a battle-frenzy!
The goblin hits you but does no damage. The goblin closely misses you. x2
The goblin misses you.
You shoot a bolt. The bolt hits the goblin!
You kill the goblin!
Robin misses you. The goblin barely misses you.
The goblin hits you with a +0 dagger. The goblin completely misses you.
Robin completely misses you. The goblin hits you with a +0 club.
You die...

..# #.# ####.#
..##.#
#.#.###.##.#
.....g)gg#.#
#@)#.# #.g#.#
.#####..#.#
).........#
#######.######
.............#
#########.####.#
..........#
########..#


You could see Robin and 3 goblins.

Vanquished Creatures
  2 jellies (D:3)
  Jessica (D:2)
  Ijyb (D:4)
  7 adders
  A dart slug (D:3)
  2 ribbon worms (D:2)
  5 ball pythons
  12 endoplasms
  A giant cockroach (D:2)
  10 goblins
  4 hobgoblins
  3 jackals (D:2)
  13 kobolds
  4 quokkas
  3 training dummies (D:4)
  4 bats
  9 frilled lizards
  6 rats
88 creatures vanquished.

Notes
Turn   | Place    | Note
-------+----------+-------------------------------------------
     0 | D:1      | qw the Spriggan Hunter began the quest for the Orb.
     0 | D:1      | Reached XP level 1. HP: 10/10 MP: 2/2
     0 | D:1      | 0 ||| qw: Version: 0.3-a-157-g843a77d
     0 | D:1      | 0 ||| qw: Game counter: 3640
     0 | D:1      | 0 ||| qw: Melee chars always use a shield: true
     0 | D:1      | 0 ||| qw: God list: Okawaru
     0 | D:1      | 0 ||| qw: Allow faded altars: false
     0 | D:1      | 0 ||| qw: Do Orc after clearing Dungeon:15 true
     0 | D:1      | 0 ||| qw: Do second Lair branch before Depths: true
     0 | D:1      | 0 ||| qw: Lair rune preference: random
     0 | D:1      | 0 ||| qw: Goals: Normal
     0 | D:1      | 0 ||| PLANNING D:1-11
    41 | D:1      | Reached skill level 3 in Dodging
   202 | D:1      | Reached XP level 2. HP: 14/14 MP: 3/3
   450 | D:1      | Reached skill level 4 in Dodging
   613 | D:1      | 613 ||| UPGRADING to +6 ring of dexterity.
   614 | D:1      | 614 ||| DROPPING scroll of butterflies.
   773 | D:2      | Reached XP level 3. HP: 18/18 MP: 4/4
   820 | D:2      | Found a runed translucent door.
   821 | D:2      | Noticed Crazy Yiuf
   869 | D:2      | Reached skill level 5 in Dodging
   885 | D:2      | Reached XP level 4. HP: 22/22 MP: 5/5
  1074 | D:2      | Identified the +3 sling of Drought {heavy, ^Drain *Slow
                  | rC+++ SInv}
  1076 | D:2      | 1076 ||| SWAPPING to +3 sling of Drought {heavy, ^Drain
                  | *Slow rC+++ SInv}.
  1083 | D:2      | Noticed Jessica
  1086 | D:2      | Killed Jessica
  1186 | D:2      | 1186 ||| DROPPING ring of magical power.
  1187 | D:2      | 1187 ||| UPGRADING to ring of willpower.
  1188 | D:2      | 1188 ||| READING scroll labelled URULIG DYOR.
  1215 | D:2      | 1215 ||| READING scroll labelled USIDGH XOIJ.
  1378 | D:3      | Identified the +0 robe of Zonekh {Fly rPois Str+3 Int+3}
  1635 | D:3      | 1635 ||| FLEEEEING.
  1636 | D:3      | 1636 ||| FLEEEEING.
  1642 | D:3      | 1642 ||| FLEEEEING.
  1643 | D:3      | 1643 ||| FLEEEEING.
  1645 | D:3      | 1645 ||| FLEEEEING.
  1646 | D:3      | 1646 ||| FLEEEEING.
  1648 | D:3      | 1648 ||| FLEEEEING.
  1772 | D:3      | Reached XP level 5. HP: 25/25 MP: 6/6
  1772 | D:3      | Found a snail-covered altar of Cheibriados.
  1772 | D:3      | Found a white marble altar of Elyvilon.
  1772 | D:3      | Found an ancient bone altar of Kikubaaqudgha.
  1772 | D:3      | Found a white marble altar of Elyvilon.
  1772 | D:3      | Found a shadowy altar of Dithmenos.
  1772 | D:3      | Found an opulent altar of Gozag.
  1785 | D:3      | Reached skill level 6 in Dodging
  2228 | D:3      | 2228 ||| UPGRADING to +0 robe of Zonekh {Fly rPois Str+3
                  | Int+3}.
  2238 | D:3      | 2238 ||| DROPPING +0 robe.
  2334 | D:3      | 2334 ||| READING scroll labelled MIAC DIWIREOGUMP.
  2335 | D:3      | 2335 ||| READING scroll labelled AMOTTU MOSTRE.
  2336 | D:3      | 2336 ||| READING scroll labelled QYERCH VOICI.
  2337 | D:3      | 2337 ||| DRINKING 2 lumpy green potions.
  2449 | D:4      | Found Neec's Firing Range.
  2458 | D:4      | 2458 ||| BUYING +0 arbalest (54 gold).
  2458 | D:4      | Bought a +0 arbalest for 54 gold pieces
  2458 | D:4      | 2458 ||| SHOPLISTING +2 heavy hand cannon (219 gold, have
                  | 38).
  2458 | D:4      | 2458 ||| SWAPPING to +0 arbalest.
  2459 | D:4      | 2459 ||| DROPPING +0 shortbow.
  2460 | D:4      | 2460 ||| DROPPING +3 sling of Drought {heavy, ^Drain *Slow
                  | rC+++ SInv}.
  2650 | D:4      | Noticed Ijyb
  2655 | D:4      | Killed Ijyb
  2697 | D:4      | Identified the +4 dagger of Victory {flame, *Corrode rC+++
                  | Dex+8 Stlth-}
  2859 | D:4      | Noticed Robin
  2864 | D:4      | HP: 6/24 [goblin/+0 club[Robin] (5)]
  2866 | D:4      | HP: 2/24 [goblin/+0 dagger[Robin] (5)]
  2866 | D:4      | Slain by a goblin

Levels and vault maps discovered:
D:1:      dpeg_arrival_round_b, layout_basic, serial_bayou_crossing
D:2:      layout_basic, uniq_crazy_yiuf_cottage, uniq_jessica
D:3:      cheibrodos_fertilizer, layout_loops_ring, serial_rivers,
          chequers_serial_rivers_large_b, chequers_serial_rivers_micro_a,
          chequers_serial_rivers_small_3, chequers_serial_rivers_micro_b,
          chequers_serial_rivers_marsh, chequers_serial_rivers_large_a,
          dreamdust_princess_bridge
D:4:      layout_basic, kennysheep_nondescript, nicolae_shop_firing_range,
          uniq_robin, uniq_ijyb, uniq_sigmund

Skill      XL: |  1  2  3  4  5 |
---------------+----------------+-----
Dodging        | 3 4 5 6 |  6.3
Ranged Weapons | 5 |  5.5
Fighting       | 2 |  2.0
Stealth        | |  1.5

Action                     |  1- 3 |  4- 6 || total
---------------------------+-------+-------++-------
   Fire: Shortbow          |    70 |    23 ||    93
         Sling             |       |    50 ||    50
         Arbalest          |       |    29 ||    29
    Use: Scroll            |       |     5 ||     5
         Potion            |       |     1 ||     1
 Armour: Robe              |       |    20 ||    20
  Dodge: Dodged            |     6 |    66 ||    72

Table legend:
 A = Non-vault XP
 B = Vault XP
 C = Vault XP percentage of total XP
 D = Non-vault monster count
 E = Vault monster count
 F = Vault count percentage of total count
                 A         B        C        D         E       F
            +---------+---------+-------+---------+---------+-------
      Total |     179 |     201 |  52.9 |      59 |      29 |  33.0
            +---------+---------+-------+---------+---------+-------
        D:1 |      32 |       0 |   0.0 |      20 |       0 |   0.0
        D:2 |      92 |      37 |  28.7 |      27 |       1 |   3.6
        D:3 |      10 |     106 |  91.4 |       6 |      16 |  72.7
        D:4 |      45 |      58 |  56.3 |       6 |      12 |  66.7
            +---------+---------+-------+---------+---------+-------
